 Dungeon Crawl Stone Soup version 0.24.0-123-gd5b16e6ec5 (webtiles) character file.

Game seed: 1971493505365927835, levelgen mode: deterministic

144 H0rd4k the Charlatan (level 5, -2/38 HPs)
             Began as a Human Artificer on Feb 4, 2020.
             Slain by a gnoll
             ... wielding a +0 club
              (6 damage)
             ... on level 3 of the Dungeon.
             The game lasted 00:02:59 (2811 turns).

H0rd4k the Charlatan (Human Artificer)              Turns: 2811, Time: 00:03:00

Health: -2/38      AC:  3    Str: 13    XL:     5   Next: 51%
Magic:  7/7        EV: 12    Int: 11    God:
Gold:   178        SH:  0    Dex: 14    Spells: 4/4 levels left

rFire    . . .     SeeInvis .   a - +0 short sword
rCold    . . .     Gourm    .   (no shield)
rNeg     . . .     Faith    .   b - +0 leather armour
rPois    .         Spirit   .   (no helmet)
rElec    .         Reflect  .   (no cloak)
rCorr    .         Harm     .   (no gloves)
MR       .....                  (no boots)
Stlth    ++........             (no amulet)
HPRegen  0.12/turn              (no ring)
MPRegen  0.10/turn              (no ring)

@: no status effects
A: no striking features
a: no special abilities


You were on level 3 of the Dungeon.
You were hungry.

You visited 1 branch of the dungeon, and saw 3 of its levels.

You collected 178 gold pieces.

Inventory:

Hand Weapons
 a - a +0 short sword (weapon)
Missiles
 h - 6 atropa-tipped darts (quivered)
 p - 5 javelins
 s - 2 throwing nets
 t - 2 curare-tipped darts
Armour
 b - a +0 leather armour (worn)
Wands
 c - a wand of flame (9)
 d - a wand of enslavement (13)
 e - a wand of random effects (7)
Scrolls
 g - a scroll of fog {unknown}
 j - 2 scrolls of magic mapping {unknown}
 k - 2 scrolls of remove curse {unknown}
 l - a scroll of blinking {unknown}
 m - 2 scrolls of immolation {unknown}
 n - 2 scrolls of teleportation {unknown}
 o - a scroll of enchant armour {unknown}
 u - a scroll of identify {unknown}
Potions
 i - a potion of curing {unknown}
 q - a potion of invisibility {unknown}
 r - a potion of flight {unknown}
Comestibles
 f - 4 rations


   Skills:
 + Level 2.0 Fighting
 + Level 2.2 Short Blades
 + Level 0.1 Throwing
 + Level 2.0 Armour
 + Level 2.3 Dodging
 + Level 1.6 Stealth
 + Level 3.8 Evocations


You had 4 spell levels left.
You didn't know any spells.
Your spell library was empty.

Dungeon Overview and Level Annotations

Branches:
Dungeon (3/15)

Altars:
Sif Muna

Annotations:
D:1 exclusion: downstairs


Message History

Your Fighting skill increases to level 2!
You hit the gnoll.
The gnoll is heavily wounded.
The gnoll hits you with a +0 club!
* * * LOW HITPOINT WARNING * * *
You hit the gnoll but do no damage.
The gnoll is heavily wounded.
The gnoll hits you with a +0 club.
* * * LOW HITPOINT WARNING * * *
Evoke which item? (* to show all) (? for menu, Esc to quit)
Aiming: Enslavement
Press: ? - help, Shift-Dir - straight line, f - gnoll
Aim: a gnoll, wielding a +0 club (heavily wounded, chance to defeat MR: 66%)
The gnoll struggles to resist.
Evoke which item? (* to show all) (? for menu, Esc to quit)
Aiming: Enslavement
Press: ? - help, Shift-Dir - straight line, f/p - gnoll
Aim: a gnoll, wielding a +0 club (heavily wounded, chance to defeat MR: 66%)
The gnoll struggles to resist.
The gnoll hits you with a +0 club.
You die...

##..# ##.# #.#
#.# #!# #.# #.#
##.# .# #.# #..#
.. #.######.##
.##.###.#.Kg@..#
........#.####.#
.K...#).#.# #.#
....g$.>..# #.#
........$## #.#
.....#.#.# #.#
[.#. #...# #.#
... ###.# .# .#
#[#


You could see a gnoll and a kobold.

Vanquished Creatures
  An orc priest (D:2)
  An adder (D:2)
  6 gnolls
  2 leopard geckos
  3 orcs
  2 bats (D:1)
  2 giant cockroaches
  7 goblins
  4 hobgoblins
  5 kobolds
  A quokka (D:2)
  3 ball pythons (D:1)
  A frilled lizard (D:1)
  3 rats
41 creatures vanquished.

Notes
Turn   | Place    | Note
-------+----------+-------------------------------------------
     0 | D:1      | H0rd4k the Human Artificer began the quest for the Orb.
     0 | D:1      | Reached XP level 1. HP: 15/15 MP: 3/3
   236 | D:1      | Reached XP level 2. HP: 19/21 MP: 4/4
   686 | D:1      | Reached XP level 3. HP: 26/26 MP: 5/5
  1424 | D:2      | Reached skill level 1 in Armour
  1751 | D:2      | Reached XP level 4. HP: 11/32 MP: 6/6
  2110 | D:2      | Found a shimmering blue altar of Sif Muna.
  2393 | D:2      | Reached XP level 5. HP: 10/37 MP: 7/7
  2811 | D:3      | Slain by a gnoll

Levels and vault maps discovered:
D:1:      nicolae_arrival_memento_mori, layout_loops_ring, grunt_decor_fettered
D:2:      layout_basic, lemuel_blue_sif_altar
D:3:      layout_loops_ring, minmay_overflow_temple_star_hex, first_ration

Skill      XL: |  1  2  3  4  5 |
---------------+----------------+-----
Armour         | 1 2 |  2.0
Short Blades   | 2 |  2.2
Fighting       | 2 |  2.0
Throwing       | |  0.1
Dodging        | |  2.3
Stealth        | |  1.6
Evocations     | |  3.8

Action                   |  1- 3 |  4- 6 || total
-------------------------+-------+-------++-------
Melee: Short sword       |   123 |    35 ||   158
Throw: Dart              |     2 |     4 ||     6
Evoke: Wand              |     4 |    12 ||    16
 Stab: Sleeping          |     3 |     2 ||     5
  Eat: Chunk             |     1 |     1 ||     2
       Ration            |       |     1 ||     1
Armor: Leather armour    |    22 |     1 ||    23
Dodge: Dodged            |    79 |    19 ||    98
